AoeStats
← 76561199111261343

Arabia

510550100Analyzed
1v1 RM · 14h ago on Oct 1, 2026· 32m 54s· 2 players
Game mode
Random Map
Map size
Tiny (2 player)
Population
200
Speed
Normal
Resources
Standard
Victory
Conquest
Starting age
Dark Age
Ending age
Imperial Age
RankedLock teamsTeams togetherTeam positionsShared explorationLock speedFull tech treeHidden civsTurbo modeCheats
Victory
Defeat
🇮🇳 Burgundians · India
617
+14
🇵🇹 Chinese · Portugal
580
-14
pedrollobo
0:43 Loom
14:16 Feudal Age
14:55 Double-Bit Axe
15:39 Horse Collar
20:05 Castle Age
20:24 Pikeman
21:06 Gold Mining
21:10 Stone Mining
28:23 Heavy Plow
29:38 Bow Saw
30:37 Squires
76561199111261343
9:55 Feudal Age
8:53 Loom
10:25 Double-Bit Axe
12:06 Horse Collar
20:14 Castle Age
19:00 Town Watch
19:57 Scale Barding Armor
19:51 Gold Mining
20:48 Bow Saw
20:50 Heavy Plow
20:19 Cavalier
21:04 Husbandry
27:54 Scale Mail Armor
28:16 Stone Mining
28:20 Treadmill Crane
29:21 Gold Shaft Mining
29:29 Chain Barding Armor
33:34 Wheelbarrow
Connection lost

Rejoining the realm…

Still unreachable

The connection could not be restored.

Session expired

The server has moved on; the page needs a fresh start.